 Dungeon Crawl Stone Soup version 0.31.0-32-g396128a36d (webtiles) character file.

Game seed: 5123508887890205028

229 firemarshallily the Sneak (level 6, -3/52 HPs)
             Began as a Ghoul Brigand on Mar 22, 2024.
             Slain by a gnoll
             ... wielding a +0 halberd
              (11 damage)
             ... on level 2 of the Dungeon.
             The game lasted 00:02:33 (1348 turns).

firemarshallily the Sneak (Ghoul Brigand)           Turns: 1348, Time: 00:02:33

Health: -3/52      AC:  3    Str: 15    XL:     6   Next: 3%
Magic:  6/6        EV: 11    Int: 10    God:
Gold:   75         SH:  0    Dex: 12    Spells: 5/5 levels left

rFire   . . .        a - +2 dagger
rCold   + + .        (no shield)
rNeg    + + +        b - +0 robe
rPois   ∞            (no helmet)
rElec   .            c - +0 cloak
rCorr   .            (no gloves)
SInv    .            (no boots)
Will    .....        (no amulet)
Stlth   +++          f - ring of protection from cold
HPRegen 0.00/turn    (no ring)
MPRegen 0.10/turn

%: no passive effects
@: inhibited regen
A: claws 1, cold resistance 1, negative energy resistance 3, inhibited
regeneration, torment resistance 2, devour on kill
a: no special abilities


You were on level 2 of the Dungeon.
You visited 1 branch of the dungeon, and saw 2 of its levels.

You collected 75 gold pieces.

Inventory:

Hand Weapons
 a - a +2 dagger (weapon)
Missiles
 d - 9 poisoned darts (quivered)
 e - 3 curare-tipped darts
Armour
 b - a +0 robe (worn)
 c - a +0 cloak (worn)
Jewellery
 f - a ring of protection from cold (left claw)
Scrolls
 i - a scroll of poison {unknown}
 j - a scroll of revelation {unknown}
 k - a scroll of identify {unknown}
Potions
 h - a potion of brilliance {unknown}


   Skills:
 + Level 3.7 Fighting
 * Level 4.1 Short Blades
 - Level 1.7 Throwing
 - Level 0.8 Dodging
 + Level 5.5 Stealth


You had 5 spell levels left.
You didn't know any spells.
Your spell library was empty.

Dungeon Overview and Level Annotations

Branches:
Dungeon (2/15)

Altars:


Innate Abilities, Weirdness & Mutations

You are immune to poison.
You have sharp fingernails.
Your flesh is cold resistant. (rC+)
You are immune to negative energy. (rN+++)
You do not regenerate when monsters are visible.
You are immune to unholy pain and torment.
You thrive by killing the living.


Message History

e - 3 curare-tipped darts (gained 1)
You open the door. 2 gnolls and a rat come into view.
The gnoll shouts!
The rat squeaks loudly.
A gnoll comes into view. It is wielding a +0 spear.
The gnoll shouts!
The gnoll shouts!
The gnoll hits you with a +0 halberd!
You hit the gnoll.
The gnoll is moderately wounded.
The gnoll barely misses you.
You hit the gnoll.
The gnoll is heavily wounded.
You hit the gnoll but do no damage.
The gnoll is heavily wounded.
The gnoll misses you.
The gnoll hits you from afar with a +0 spear.
You completely miss the gnoll.
The gnoll is heavily wounded.
The gnoll hits you with a +0 halberd!
The gnoll hits you from afar with a +0 spear.
You barely miss the gnoll.
The gnoll is heavily wounded.
The gnoll hits you with a +0 halberd.
The gnoll hits you from afar with a +0 spear.
Unknown command.
You hit the gnoll.
The gnoll is heavily wounded.
The gnoll closely misses you. The gnoll hits you but does no damage.
You hit the gnoll but do no damage.
The gnoll is heavily wounded.
You barely miss the gnoll.
The gnoll is heavily wounded.
The gnoll closely misses you.
The gnoll hits you from afar with a +0 spear!
* * * LOW HITPOINT WARNING * * *
Unknown command.
It was a potion of berserk rage.
You feel slightly irritated. The gnoll hits you with a +0 halberd!
You die...

.........#
#..........†#....
#####+####
#................
#######'####.#...
#.# ##.#... # #)#
#..#### #. #.#
#.## +.. #.# #.#
#..g#### #.# #.#
#..gg@.###
#.###.#
#..r##...#
#.#...# #..
###.###...### #.
#.....### #
#####># ###


You could see 3 gnolls and a rat.

Vanquished Creatures
  Sigmund (D:2)
  2 adders (D:2)
  A ribbon worm (D:2)
  A dart slug (D:1)
  A ball python (D:1)
  3 bats (D:1)
  6 endoplasms
  A giant cockroach (D:1)
  4 goblins
  3 hobgoblins
  7 quokkas
  4 frilled lizards
  3 kobolds
  3 rats
40 creatures vanquished.

Notes
Turn   | Place    | Note
-------+----------+-------------------------------------------
     0 | D:1      | firemarshallily the Ghoul Brigand began the quest for the
                  | Orb.
     0 | D:1      | Reached XP level 1. HP: 17/17 MP: 1/1
   100 | D:1      | Reached XP level 2. HP: 25/25 MP: 2/2
   412 | D:1      | Reached XP level 3. HP: 30/30 MP: 3/3
  1126 | D:2      | Reached XP level 4. HP: 37/38 MP: 4/4
  1286 | D:2      | Noticed Sigmund
  1295 | D:2      | Killed Sigmund
  1296 | D:2      | Reached skill level 5 in Stealth
  1296 | D:2      | Reached XP level 5. HP: 40/46 MP: 5/5
  1296 | D:2      | Reached XP level 6. HP: 45/52 MP: 6/6
  1348 | D:2      | Slain by a gnoll

Illustrated notes

Levels and vault maps discovered:
D:1:      wander_arrival_estate, layout_loops_ring, serial_bayou_lake_a
D:2:      layout_basic, uniq_sigmund

Skill      XL: |  1  2  3  4 |
---------------+-------------+-----
Short Blades   | 2 3 4 |  4.1
Fighting       | 3 |  3.7
Stealth        | 5 |  5.5
Throwing       | |  1.7
Dodging        | |  0.8

Action                     |  1- 3 |  4- 6 || total
---------------------------+-------+-------++-------
  Melee: Dagger            |    92 |    28 ||   120
  Throw: Dart              |       |     2 ||     2
    Use: Potion            |       |     1 ||     1
   Stab: Sleeping          |    13 |     2 ||    15
 Armour: Robe              |    34 |    13 ||    47
  Dodge: Dodged            |    37 |    10 ||    47
